 Dungeon Crawl Stone Soup version 0.25-a0-189-gf71692caf1 (webtiles) character file.

Game seed: 15421962191523558438, levelgen mode: classic

12068 EnegeticOcto the Cleaver (level 11, 100/100 HPs)
             Began as a Deep Dwarf Fighter on Nov 29, 2019.
             Was an Initiate of Gozag.
             Quit the game on level 11 of the Dungeon.
             The game lasted 00:09:05 (8935 turns).

EnegeticOcto the Cleaver (Deep Dwarf Fighter)       Turns: 8935, Time: 00:09:05

Health: 100/100    AC: 19    Str: 27    XL:     11   Next: 57%
Magic:  12/13      EV:  9    Int:  9    God:    Gozag
Gold:   717        SH: 12    Dex: 12    Spells: 10/10 levels left

rFire    + . .     SeeInvis .   K - +3 war axe (distort)
rCold    . . .     Gourm    .   c - +0 shield
rNeg     . . .     Faith    .   u - +0 plate armour
rPois    .         Spirit   .   k - +2 helmet
rElec    .         Reflect  .   v - scarf {cloud immunity}
rCorr    .         Harm     .   l - +1 pair of gloves
MR       +....                  (no boots)
Stlth    ..........             (no amulet)
HPRegen  0.00/turn              h - +4 ring of strength
MPRegen  0.13/turn              (no ring)

@: gold aura, non-regenerating
A: damage resistance, heal wounds, fire resistance 1, sense surroundings 2, wild
magic 1, no regeneration
a: Heal Wounds, Potion Petition, Call Merchant, Bribe Branch, Renounce Religion


You were on level 11 of the Dungeon.
You worshipped Gozag.
Gozag was pleased with you.
You were near starving.

You visited 2 branches of the dungeon, and saw 12 of its levels.
You also visited: Sewer.

You collected 1699 gold pieces.
You spent 934 gold pieces at shops.
You paid 48 gold pieces to Gozag.

Inventory:

Hand Weapons
 a - a +0 broad axe
 r - a +0 vampiric hand axe
 B - a +1 war axe
 K - a +3 war axe of distortion (weapon)
Armour
 c - a +0 shield (worn)
 k - a +2 helmet (worn)
 l - a +1 pair of gloves (worn)
 t - +0 ice dragon scales
 u - a +0 plate armour (worn)
 v - a scarf of cloud immunity (worn)
Jewellery
 h - a +4 ring of strength (left hand)
Wands
 n - a wand of flame (35)
 p - a wand of polymorph (8)
 s - a wand of iceblast (11)
 x - a wand of paralysis (4)
 D - a wand of disintegration (13)
 J - a wand of acid (9)
Scrolls
 f - 4 scrolls of remove curse {@r2}
 i - a scroll of immolation
 m - 3 scrolls of fear
 o - 2 scrolls of magic mapping {@r5}
 q - 3 scrolls of teleportation {@r3}
 y - a scroll of fog
 z - 3 scrolls of identify {@r1}
 A - a scroll of enchant weapon {@r8}
 H - a scroll of blinking {@r4}
Potions
 b - 2 potions of lignification {@q6}
 d - 5 potions of might {@q3}
 g - 6 potions of heal wounds {@q2}
 j - 2 potions of berserk rage
 w - a potion of resistance
 C - 2 potions of magic
 E - a potion of haste {@q4}
 F - 3 potions of ambrosia
 G - a potion of flight
 I - 6 potions of curing {@q1}
Comestibles
 e - 21 rations


   Skills:
 + Level 7.0 Fighting
 * Level 11.1 Axes
 + Level 8.4 Armour
 + Level 7.4 Dodging
 + Level 8.3 Shields
 * Level 9.4 Evocations


You had 10 spell levels left.
You didn't know any spells.
Your spell library contained the following spells:

 Spells                   Type           Power        Failure   Level  Hunger
 Shock                    Conj/Air       #...         100%        1    ##.....
 Swiftness                Chrm/Air       #.......     100%        2    ###....
 Static Discharge         Conj/Air       #.......     100%        3    ####...
 Airstrike                Air            #.........   100%        4    #####..
 Lightning Bolt           Conj/Air       #.........   100%        5    ######.


Dungeon Overview and Level Annotations

Branches:
Dungeon (11/15)            Temple (1/1) D:5            Lair (0/6) D:10
  Sewer (visited)
    Orc: D:9-12

Altars:
Ashenzari
Cheibriados
Dithmenos
Elyvilon
Fedhas
Gozag
Hepliaklqana
Kikubaaqudgha
Makhleb
Nemelex Xobeh
Okawaru
Qazlal
Ru
Sif Muna
Trog
Uskayaw
Vehumet
Wu Jian
Xom
Yredelemnul
Zin
The Shining One

Shops:
D:4 (   D:6 !   D:9 [!:%[   D:10 !


Innate Abilities, Weirdness & Mutations

You are resistant to damage.
You can heal yourself by infusing magical energy.
You passively map the area around you.
You do not regenerate.
Your flesh is heat resistant. (rF+)
Your spells are a little harder to cast, but a little more powerful.


Message History

You now have 717 gold pieces (gained 7).
e - 21 rations (gained 1)
J - a wand of acid (9)
You open the door.
There is an open door here.
A centaur warrior zombie comes into view.
A centaur warrior zombie is nearby!
A centaur warrior zombie is nearby!
A crimson imp comes into view.
The crimson imp shouts!
You see here a scroll labeled VABATA FAYNOBI.
You hit the centaur warrior zombie but do no damage.
You block the centaur warrior zombie's attack.
A hound skeleton comes into view.
You slash the centaur warrior zombie!
The centaur warrior zombie is lightly damaged.
The centaur warrior zombie hits you.
You hit the centaur warrior zombie.
The centaur warrior zombie is lightly damaged.
The crimson imp shouts, "Crawl home, thou mangled grit-sucking dingleberry!"
The crimson imp blinks!
The centaur warrior zombie hits you.
You hit the centaur warrior zombie.
The centaur warrior zombie is lightly damaged.
The centaur warrior zombie hits you.
You hit the centaur warrior zombie.
The centaur warrior zombie is moderately damaged.
You block the centaur warrior zombie's attack.
You slash the centaur warrior zombie!
The centaur warrior zombie is moderately damaged.
You block the centaur warrior zombie's attack.
Your shield prevents you from hitting the centaur warrior zombie.
The centaur warrior zombie is moderately damaged.
You slash the hound skeleton!
The centaur warrior zombie hits you but does no damage.
You block the hound skeleton's attack.
You are near starving!
You hit the hound skeleton.
The hound skeleton is almost destroyed.
You hit the centaur warrior zombie.
The centaur warrior zombie hits you but does no damage.
The hound skeleton completely misses you.
You hit the hound skeleton.
The hound skeleton is almost destroyed.
You slash the centaur warrior zombie!
You block the centaur warrior zombie's attack.
You block the hound skeleton's attack.
You hit the hound skeleton.
You destroy the hound skeleton!
You barely miss the centaur warrior zombie.
You block the centaur warrior zombie's attack.
You hit the centaur warrior zombie but do no damage.
The centaur warrior zombie is heavily damaged.
The centaur warrior zombie becomes distracted by the nearby gold, dreaming of imaginary riches.
You hit the centaur warrior zombie.
The centaur warrior zombie is no longer distracted by gold.
The centaur warrior zombie is heavily damaged.
The centaur warrior zombie hits you.
You slash the centaur warrior zombie!
The centaur warrior zombie is severely damaged.
You barely miss the crimson imp.
You block the centaur warrior zombie's attack.
You hit the centaur warrior zombie but do no damage.
The centaur warrior zombie is severely damaged.
You hit the crimson imp. You block the crimson imp's attack.
You block the centaur warrior zombie's attack.
You slash the centaur warrior zombie!
The centaur warrior zombie is almost destroyed.
You slash the crimson imp!
You block the centaur warrior zombie's attack.
The crimson imp blinks!
You slash the centaur warrior zombie!
You destroy the centaur warrior zombie!
The crimson imp blinks!
No target in view!
No target in view!
No target in view!
No target in view!
No target in view!
No target in view!
No target in view!
No target in view!
No target in view!
No target in view!
No target in view!
No target in view!
No target in view!
No target in view!
K - a scroll labeled VABATA FAYNOBI
As you read the scroll labeled VABATA FAYNOBI, it crumbles to dust.
This is a scroll of acquirement! [a] Weapon [b] Armour [c] Jewellery [d] Book [e] Staff [f] Evocable [g] Food [h] Gold (you have $717)
What kind of item would you like to acquire? [\] known items [$] shopping list Something appears at your feet!
K - a runed war axe An ice beast comes into view.
You feel the dreadful sensation subside.
Space warps around you for a moment!
K - a +3 war axe of distortion (weapon)
Are you sure you want to abandon this character and quit the game? (Confirm with "yes".)

* .......... , ,, ,
........, , *** ,
#####...Y#* *+ * * *
#...'....# ,, , , , ,
#...#....# , ,+ , ,
##..#....#### , **
#########..##......# , ,$
, #...........#......#,,
*,,, ,
#...........+...@..# *, ,
#..##..##...#...$.$# ,
#..##..##+#######.$.5....
,, #.............
#........, ,
#.............
,#........,, ,
#............. #........
, #.............
,#........,,
#............. ,#........
, #..##..##..###*
#........,,


You could see an ice beast and a crimson imp.

Vanquished Creatures
  Harold (D:9)
  Erolcha (D:9)
  A two-headed ogre (D:8)
  A cyclops (D:10)
  3 centaur zombies
  Psyche (D:9)
  2 komodo dragons (D:10)
  Grinder (D:3)
  A troll (D:10)
  A hornet (D:9)
  Prince Ribbit (D:7)
  4 hippogriffs
  2 wyverns (D:10)
  5 yaks (D:10)
  4 hogs (D:8)
  2 basilisks (D:10)
  A human (D:8)
  An acid dragon (D:10)
  A soldier ant (D:10)
  2 orc warriors
  An ice beast (D:10)
  A black bear (D:8)
  2 ogres
  6 sky beasts
  5 centaurs
  4 big kobolds (Sewer)
  A bullfrog (D:10)
  A gnoll sergeant (D:5)
  A wyvern zombie (D:9)
  2 scorpions
  A water moccasin skeleton (D:8)
  4 killer bees (D:9)
  6 howler monkeys
  4 electric eels
  5 crimson imps
  2 jellies (D:8)
  3 bullfrog zombies
  2 quasits (D:10)
  5 orc wizards
  4 hounds
  2 bullfrog skeletons
  An orc priest (D:4)
  A centaur skeleton (D:8)
  3 iguanas
  9 worker ants
  2 hound zombies
  A hound skeleton (D:11)
  2 worker ant zombies (D:8)
  7 adders
  13 gnolls
  12 oozes (Sewer)
  4 adder skeletons
  An adder zombie (D:6)
  7 worms
  A dart slug (D:3)
  6 leopard geckos
  22 orcs
  10 bats
  6 giant cockroaches
  6 goblins
  2 hobgoblins (D:1)
  9 jackals
  10 kobolds
  4 quokkas
  9 ball pythons
  3 frilled lizards
  A quokka skeleton (D:7)
  9 rats
259 creatures vanquished.

Vanquished Creatures (others)
  A leopard gecko (D:8)
  A plant (D:8)
2 creatures vanquished.

Grand Total: 261 creatures vanquished

Notes
Turn   | Place    | Note
-------+----------+-------------------------------------------
     0 | D:1      | EnegeticOcto the Deep Dwarf Fighter began the quest for the
                  | Orb.
     0 | D:1      | Reached XP level 1. HP: 20/20 MP: 1/1
   692 | D:1      | Reached XP level 2. HP: 24/27 MP: 2/2
  1064 | D:2      | Reached skill level 1 in Dodging
  1064 | D:2      | Reached XP level 3. HP: 33/33 MP: 3/3
  1072 | D:2      | Reached skill level 3 in Axes
  1182 | D:2      | Reached XP level 4. HP: 23/42 MP: 4/4
  1668 | D:3      | Found a glowing drain.
  1690 | Sewer    | Entered a sewer
  1764 | Sewer    | Noticed a big kobold
  1785 | Sewer    | Killed a big kobold
  1785 | Sewer    | Reached skill level 4 in Axes
  1785 | Sewer    | Reached XP level 5. HP: 43/49 MP: 4/4
  1876 | Sewer    | Reached XP level 6. HP: 41/56 MP: 5/5
  2249 | D:3      | Found a sacrificial altar of Ru.
  2278 | D:3      | Reached skill level 5 in Axes
  2807 | D:3      | Noticed Grinder
  2822 | D:3      | Paralysed by Grinder for 3 turns
  2827 | D:3      | Paralysed by Grinder for 2 turns
  2834 | D:3      | Killed Grinder
  2834 | D:3      | Reached XP level 7. HP: 58/64 MP: 6/6
  3187 | D:4      | Reached skill level 5 in Armour
  3286 | D:4      | Reached skill level 6 in Axes
  3286 | D:4      | Reached skill level 5 in Shields
  3378 | D:4      | Found a glowing golden altar of the Shining One.
  3378 | D:4      | Found a blossoming altar of Fedhas.
  3378 | D:4      | Found a hazy altar of Hepliaklqana.
  3378 | D:4      | Found an ornate altar of the Wu Jian Council.
  3395 | D:4      | Found an iron altar of Okawaru.
  3395 | D:4      | Found a stormy altar of Qazlal.
  3658 | D:4      | Found a bloodstained altar of Trog.
  3746 | D:4      | Found Kitiorugh's Weapon Boutique.
  3963 | D:5      | Entered Level 5 of the Dungeon
  3966 | D:5      | Found an ancient bone altar of Kikubaaqudgha.
  4027 | D:5      | Reached XP level 8. HP: 47/73 MP: 6/6
  4208 | D:5      | Found a shattered altar of Ashenzari.
  4239 | D:5      | Found a staircase to the Ecumenical Temple.
  4395 | Temple   | Entered the Ecumenical Temple
  4459 | Temple   | Became a worshipper of Gozag Ym Sagoz the Greedy
  4854 | D:6      | Reached skill level 7 in Axes
  5214 | D:6      | Found Cablyol's Distillery.
  5377 | D:6      | Reached skill level 5 in Fighting
  5388 | D:6      | Found a burning altar of Makhleb.
  5513 | D:6      | Gained mutation: Armour fits poorly on your strangely
                  | shaped body. [potion of mutation]
  5513 | D:6      | Gained mutation: You are robust. (+10% HP) [potion of
                  | mutation]
  5514 | D:6      | Lost mutation: Armour fits poorly on your strangely shaped
                  | body. [potion of mutation]
  5514 | D:6      | Lost mutation: You are robust. (+10% HP) [potion of
                  | mutation]
  5514 | D:6      | Gained mutation: Your spells are a little harder to cast,
                  | but a little more powerful. [potion of mutation]
  5514 | D:6      | Gained mutation: Your flesh is heat resistant. (rF+)
                  | [potion of mutation]
  5601 | D:7      | Noticed a hippogriff
  5612 | D:7      | Gained mutation: You passively map the area around you.
                  | [Deep Dwarf growth]
  5612 | D:7      | Reached XP level 9. HP: 64/81 MP: 7/7
  5623 | D:7      | Reached skill level 8 in Axes
  5623 | D:7      | Reached skill level 5 in Dodging
  5757 | D:7      | Reached skill level 1 in Evocations
  5880 | D:7      | Noticed Prince Ribbit
  5903 | D:7      | Killed Prince Ribbit
  6374 | D:8      | Found a hide-covered altar of Uskayaw.
  6889 | D:8      | Reached skill level 9 in Axes
  6971 | D:8      | Noticed a two-headed ogre
  6988 | D:8      | Killed a two-headed ogre
  6988 | D:8      | Reached skill level 5 in Evocations
  6988 | D:8      | Reached XP level 10. HP: 65/91 MP: 10/12
  7232 | D:9      | Found Giumasupn's Food Shop.
  7232 | D:9      | Found Uthrub Lana's Armour Boutique.
  7232 | D:9      | Noticed Erolcha
  7232 | D:9      | Noticed Harold
  7259 | D:9      | Killed Erolcha
  7263 | D:9      | Killed Harold
  7272 | D:9      | Noticed Psyche
  7282 | D:9      | Killed Psyche
  7282 | D:9      | Reached skill level 10 in Axes
  7298 | D:9      | Paralysed by a hornet for 3 turns
  7378 | D:9      | Bought a +2 helmet for 198 gold pieces
  7430 | D:9      | Found Qanok's Distillery.
  7438 | D:9      | Bought a potion of heal wounds for 55 gold pieces
  7438 | D:9      | Bought a potion of haste for 110 gold pieces
  7438 | D:9      | Bought a potion of heal wounds for 55 gold pieces
  7438 | D:9      | Bought 2 potions of ambrosia for 176 gold pieces
  7442 | D:9      | Found a radiant altar of Vehumet.
  7501 | D:9      | Found Hypn's Armour Emporium.
  7585 | D:9      | Found Pusiqaimn's Book Emporium.
  7816 | D:10     | Entered Level 10 of the Dungeon
  7931 | D:10     | Reached XP level 11. HP: 74/99 MP: 11/11
  8255 | D:10     | Found a staircase to the Lair.
  8486 | D:10     | Found Hasuohil's Distillery.
  8512 | D:10     | Bought a potion of curing for 51 gold pieces
  8512 | D:10     | Bought a potion of curing for 51 gold pieces
  8512 | D:10     | Bought a potion of curing for 51 gold pieces
  8512 | D:10     | Bought a potion of heal wounds for 85 gold pieces
  8512 | D:10     | Bought a potion of curing for 51 gold pieces
  8512 | D:10     | Bought a potion of curing for 51 gold pieces
  8707 | D:10     | Reached skill level 11 in Axes
  8932 | D:11     | Identified a scroll of acquirement
  8935 | D:11     | Quit the game

Levels and vault maps discovered:
D:1:      dpeg_arrival_radiant, layout_loops_ring, kennysheep_another_room
D:2:      layout_loops_ring
D:3:      layout_basic, cheibrodos_sewer_entry_drain, st_stairs_10,
          hangedman_ru_absence, uniq_grinder
D:4:      layout_loops_ring, lightli_temple_of_fire, minmay_overflow_temple_hex,
          first_ration, serial_shops, nicolae_shop_behind_doors
D:5:      layout_cave_pools, ashenzari_altar_1, lemuel_round_altar,
          minmay_temple_entry_mist, lightli_minifort
D:6:      layout_loops_corners, makhleb_grotto_becter, serial_shops,
          nicolae_shop_stone, hangedman_decor_diamond_cutter,
          kennysheep_generic_room_2
D:7:      layout_basic, dk_rats_in_the_wall, uniq_prince_ribbit1
D:8:      layout_basic, kennysheep_little_box, serial_bayou,
          serial_bayou_lagoon_a, serial_bayou_shore_a, serial_bayou_pond_a,
          serial_bayou_pond_d, grunt_livestock
D:9:      layout_cave_pools, overflow_temple_1_default, serial_shops,
          kennysheep_mini_moat, nicolae_shop_crystal, shop, shop, shop_statue,
          kb_lookout_dungeons_type, uniq_erolcha, uniq_harold, uniq_psyche
D:10:     layout_roguey, erik_lair_dragon, serial_corexii_hall,
          corexii_hall_statues_x, chequers_hall_statues_corner_a, serial_shops,
          shop
D:11:     layout_gridville
Temple:   zaba_magenta_temple

Skill      XL: |  1  2  3  4  5  6  7  8  9 10 11 |
---------------+----------------------------------+-----
Dodging        | 1 2 3 4 6 7 |  7.4
Axes           | 3 4 5 6 7 9 10 11 | 11.1
Fighting       | 3 4 5 6 7 |  7.0
Armour         | 4 5 6 7 8 |  8.4
Shields        | 4 5 6 7 8 |  8.3
Evocations     | 5 7 9 |  9.4

Action                   |  1- 3 |  4- 6 |  7- 9 | 10-12 || total
-------------------------+-------+-------+-------+-------++-------
Melee: War axe           |   102 |   225 |   103 |       ||   430
       Hand axe          |       |       |   560 |   551 ||  1111
 Abil: Heal Wounds       |     1 |     2 |     8 |    13 ||    24
Evoke: Wand              |       |       |     1 |     4 ||     5
  Use: Scroll            |       |    14 |     7 |     3 ||    24
       Potion            |       |       |     3 |     2 ||     5
 Stab: Paralysed         |       |       |     7 |     5 ||    12
       Distracted        |       |       |       |     2 ||     2
  Eat: Chunk             |     1 |     6 |     7 |       ||    14
       Ration            |       |       |     2 |     2 ||     4
Armor: Chain mail        |    56 |    34 |       |       ||    90
       Scale mail        |     1 |       |       |       ||     1
       Plate armour      |       |   128 |   324 |   305 ||   757
Dodge: Dodged            |    15 |    76 |   165 |   250 ||   506
Block: Shield            |    65 |   135 |   349 |   393 ||   942

Table legend:
 A = Non-vault XP
 B = Vault XP
 C = Vault XP percentage of total XP
 D = Non-vault monster count
 E = Vault monster count
 F = Vault count percentage of total count
                 A         B        C        D         E       F
            +---------+---------+-------+---------+---------+-------
      Total |   10727 |    6514 |  37.8 |     198 |      61 |  23.6
            +---------+---------+-------+---------+---------+-------
        D:1 |      15 |       0 |   0.0 |       9 |       0 |   0.0
        D:2 |     127 |       0 |   0.0 |      21 |       0 |   0.0
        D:3 |      50 |     304 |  85.9 |      20 |       7 |  25.9
        D:4 |     423 |       0 |   0.0 |      19 |       0 |   0.0
        D:5 |     313 |     155 |  33.1 |      16 |       6 |  27.3
        D:6 |     598 |      55 |   8.4 |       9 |       3 |  25.0
        D:7 |     971 |     255 |  20.8 |      21 |       1 |   4.5
        D:8 |    1893 |     955 |  33.5 |      29 |       5 |  14.7
        D:9 |    1597 |    2569 |  61.7 |      22 |       4 |  15.4
       D:10 |    4255 |    1728 |  28.9 |      29 |       7 |  19.4
       D:11 |     485 |       0 |   0.0 |       3 |       0 |   0.0
      Sewer |       0 |     493 | 100.0 |       0 |      28 | 100.0
            +---------+---------+-------+---------+---------+-------
